[Event "Swedish Chess Championship 2019: Weekend 1"]
[Site "Stiga Sports Arena, Arenatorget 1, Eskilstuna, Sweden"]
[Date "2019.07.06"]
[Round "3.1"]
[White "Mardell, Jonas"]
[Black "Westerberg, Jonathan"]
[Result "1/2-1/2"]
[TimeControl "90 minutes + 30 seconds per move from move one"]
[BlackTitle "IM"]
[WhiteFideId "1705636"]
[BlackFideId "1701754"]
[WhiteElo "2024"]
[BlackElo "2546"]

1. e4 c5 2. c3 Nf6 3. e5 Nd5 4.
d4 cxd4 5. Qxd4 e6 6. Bc4 Nc6 7. Qe4 f5 8. Qe2 Nde7 9. f4 g5 10. Qh5+ Ng6 11. g4 gxf4 12. Nf3 fxg4 13. Bd3 Nce7 14.
Rg1 Nf5 15. Rxg4 Bg7 16. Ng5 Qa5 17. Bxf4 Kd8 18. Nf7+ Kc7 19. Bxf5 exf5 20. Rxg6 hxg6 21. Qxg6 Qd5 22. e6+ d6 23.
Qxg7 Qxe6+ 24. Kd1 Bd7 25. Bxd6+ Kc6 26. Qd4 b6 27. Nxh8 Be8 28. Nd2 Qxd6 29. Qc4+ Kb7 30. Nf7 Qf6 31.
Qd5+ Bc6 32. Nd6+ Kc7 33. Nb5+ Kb7 34. Qf7+ Qxf7 35. Nd6+ Kc7 36. Nxf7 Re8 37. Kc2 Re2 38. Rf1 Rxh2 39. Ng5 Bd7 40. Rf4 Kd6 41. Rd4+ Ke7 42. Ngf3 Rf2 43. Ne5 Be8 44.
c4 Ke6 45. Nd3 Rh2 46. Kc3 Bc6 47. b4 Rh1 48. c5 bxc5 49. bxc5 Ke7 50. Nb3 Rh2 51. Na5 Be4 52. a4 Rh6 53.
Kc4 a6 54. Ne5 Rh1 55. Nac6+ Kf6 56. Nd7+ Kg5 57. Ne7 Rh7 58. Nc8 Bc6 59. Ncb6 f4 60. Rd6 Bg2 61. c6 f3 62. Rf6 f2 63.
Rxf2 Bxc6 64. Nc5 Rh4+ 65. Kb3 a5 66.
Nc4 Bd5 67. Rc2 Rd4 68. Na6 Rd3+ 69. Rc3 Rxc3+ 70. Kxc3 Bc6 71. Kb3 Bxa4+ 72. Kxa4 Kf5 73. Kxa5 Ke4 74. Nc5+ Kd5 1/2-1/2

[Event "Swedish Chess Championship 2019: Weekend 1"]
[Site "Stiga Sports Arena, Arenatorget 1, Eskilstuna, Sweden"]
[Date "2019.07.06"]
[Round "3.2"]
[White "Nordebrink, Johan"]
[Black "Tolen, Michael"]
[Result "1/2-1/2"]
[TimeControl "90 minutes + 30 seconds per move from move one"]
[WhiteFideId "1706721"]
[BlackFideId "1714376"]
[WhiteElo "2109"]
[BlackElo "2026"]

1. e4 e5 2. Nc3 Nc6 3. Nf3 Nf6 4. d4 exd4 5. Nxd4 Bb4 6. Nxc6 bxc6 7. Bd3 d5 8. e5 Ng4 9. Bf4 f6 10.
h3 Nxe5 11. Bxe5 fxe5 12. Qh5+ Kf8 13. Qxe5 Qe7 14. Qxe7+ Kxe7 15. O-O Bd7 16. Ne2 Rae8 17. Nd4 c5 18. c3 Ba5 19. Nf3 Kf6 20.
Rfe1 g6 21. Kf1 Rxe1+ 22. Rxe1 Re8 23. Rxe8 1/2-1/2

[Event "Swedish Chess Championship 2019: Weekend 1"]
[Site "Stiga Sports Arena, Arenatorget 1, Eskilstuna, Sweden"]
[Date "2019.07.06"]
[Round "3.3"]
[White "Namini, Armin"]
[Black "Jakenberg, Jussi"]
[Result "1/2-1/2"]
[TimeControl "90 minutes + 30 seconds per move from move one"]
[WhiteFideId "1706322"]
[BlackFideId "1710931"]
[WhiteElo "2241"]
[BlackElo "2099"]

1. c4 e5 2. Nc3 Bb4 3. Nd5 a5 4. a3 Bc5 5. e3 Nf6 6. d4 Nxd5 7. dxc5 Nf6 8. Rb1 O-O 9. Nf3 Qe7 10.
b4 axb4 11. axb4 d6 12. cxd6 cxd6 13. Qc2 Be6 14. Ng5 Bd7 15. Bd3 h6 16. Ne4 Nxe4 17. Bxe4 Be6 18. Bd5 Bxd5 19. cxd5 Na6 20.
Bd2 Rfc8 21. Qd3 Qc7 22. Ke2 Qc4 23. Rhc1 Qg4+ 24. Kf1 Rxc1+ 25. Rxc1 Rc8 26. Rxc8+ Qxc8 27. h3 Qd7 28. Kg1 Qa4 29.
Qc3 Qd1+ 30. Kh2 Kh7 31. e4 Nc7 32. Qxc7 Qxd2 33. Qxd6 Qf4+ 34. Kg1 Qc1+ 35. Kh2 Qf4+ 36. Kg1 Qc1+ 1/2-1/2

[Event "Swedish Chess Championship 2019: Weekend 1"]
[Site "Stiga Sports Arena, Arenatorget 1, Eskilstuna, Sweden"]
[Date "2019.07.06"]
[Round "3.4"]
[White "Johansson, Roland"]
[Black "Wallgren, Ulf"]
[Result "1/2-1/2"]
[TimeControl "90 minutes + 30 seconds per move from move one"]
[WhiteFideId "1716123"]
[BlackFideId "1706527"]
[WhiteElo "2002"]
[BlackElo "2013"]

1. e4 c5 2. Nf3 Nc6 3. d4 cxd4 4. Nxd4 Nf6 5. Nc3 e5 6. Ndb5 h6 7. Nd6+ Bxd6 8. Qxd6 Qe7 9. Qxe7+ Kxe7 10.
Be3 d6 11. f3 Be6 12. O-O-O a6 13. Bb6 Rac8 14. Be2 Nd7 15. Bf2 Nf6 16. Bb6 Nd7 17. Bf2 Nf6 1/2-1/2

[Event "Swedish Chess Championship 2019: Weekend 1"]
[Site "Stiga Sports Arena, Arenatorget 1, Eskilstuna, Sweden"]
[Date "2019.07.06"]
[Round "3.5"]
[White "Svorono, Gabriel"]
[Black "Eriksson, Joel"]
[Result "1/2-1/2"]
[TimeControl "90 minutes + 30 seconds per move from move one"]
[WhiteFideId "1715623"]
[BlackFideId "1729233"]
[WhiteElo "2098"]
[BlackElo "1998"]

1. e4 e6 2. d4 d5 3. Nc3 Nf6 4. e5 Nfd7 5. f4 c5 6. Nf3 Nc6 7. Be3 Be7 8. Qd2 O-O 9. O-O-O c4 10.
f5 b5 11. fxe6 fxe6 12. Nxb5 Qb6 13. Nd6 Rb8 14. c3 Na5 15. Be2 Bxd6 16. exd6 Nf6 17. Rhf1 Bd7 18. Ne5 Ba4 19. Rxf6 Rxf6 20. Re1 Qxd6
21. Bf4 Qb6 22. Bg3 Rb7 23. Bg4 Bb3 24. a3 Ba4 25. Kb1 Be8 26. Bh4 Bg6+ 27.
Nxg6 Rxg6 28. Bh5 Rh6 29. g4 Qb3 30. Bg5 Rxh5 31. gxh5 Qxa3 32. Qe2 e5 33. dxe5 Qxc3 34. Rc1 Qh3 35. Rf1 c3 36. Bc1 Nc4 37. Rf3 Qc8 38. Rxc3 Qf5+ 39. Qd3 Qxe5 40. h6 Nd6 41.
Rc5 Qe4 42. Rxd5 Qxd3+ 43. Rxd3 Nc4 44. Rc3 Na5 45. hxg7 Kxg7 46. Be3 Kg6 47. Kc2 Re7 48.
b4 Nc4 49. Bxa7 Rxa7 50. Rxc4 Ra2+ 51. Kb3 Rxh2 52. b5 Rh1 53. Rb4 Rb1+ 54. Kc4 Rc1+ 55. Kd5 Rc8 56. b6 h5 57. b7 Rb8 58.
Kc6 Kg5 59. Kc7 Rf8 60. Rd4 h4 61. Rd8 Rf7+ 62. Rd7 Rf8 63. Kc6 Rb8 64. Kc7 1/2-1/2

[Event "Swedish Chess Championship 2019: Weekend 1"]
[Site "Stiga Sports Arena, Arenatorget 1, Eskilstuna, Sweden"]
[Date "2019.07.06"]
[Round "3.6"]
[White "Andric, Jelena"]
[Black "Eriksson, Kristian"]
[Result "1/2-1/2"]
[TimeControl "90 minutes + 30 seconds per move from move one"]
[WhiteTitle "WFM"]
[WhiteFideId "919853"]
[BlackFideId "1705172"]
[WhiteElo "2099"]
[BlackElo "2123"]

1. c4 e5 2. Nc3 Bb4 3. Qc2 Nf6 4. g3 O-O 5. Bg2 Nc6 6. e3 Bxc3 7. bxc3 d6 8. Ne2 Be6 9. c5 dxc5 10.
Bxc6 bxc6 11. c4 Qd7 12. f3 Bh3 13. Rg1 Rfe8 14. Bb2 Rad8 15. O-O-O h5 16. Nc3 Bf5 17. e4 Bg6 18. Na4 Qe7 19.
Ba3 Nd7 20. d3 Rb8 21. Qf2 Rb7 22. Kc2 Reb8 23. Rb1 Rxb1 24. Rxb1 Rxb1 25. Kxb1 f5 26. Nxc5 fxe4 27. fxe4 Nf6 28.
h3 Qe8 29. Kc2 Qc8 30. Qf1 Bf7 31. Qf5 Qxf5 32. exf5 e4 33. dxe4 Bxc4 34. e5 Nd5 35. Bc1 Bxa2 36. g4 hxg4 37.
hxg4 Bc4 38. e6 Be2 39. g5 Bg4 40. f6 gxf6 41. gxf6 Nxf6 42. Bg5 Bf5+ 43. Kb3 Ne4 44. Nxe4 Bxe4 45.
e7 Kf7 1/2-1/2

[Event "Swedish Chess Championship 2019: Weekend 1"]
[Site "Stiga Sports Arena, Arenatorget 1, Eskilstuna, Sweden"]
[Date "2019.07.06"]
[Round "3.7"]
[White "Wallenas, Joakim"]
[Black "Thollin, Robert"]
[Result "0-1"]
[TimeControl "90 minutes + 30 seconds per move from move one"]
[WhiteFideId "1728458"]
[BlackFideId "1701630"]
[WhiteElo "1991"]
[BlackElo "1983"]

1. e4 d6 2. d4 Nf6 3. Nc3 g6 4. Bc4 Bg7 5. Be3 Nc6 6. h3 O-O 7. Bb3 a6 8. Nf3 Nd7 9. Ne2 Na5 10.
c3 Nxb3 11. axb3 e5 12. O-O h6 13. Qd2 Kh7 14. Ng3 Qe7 15. Nh2 Nf6 16. d5 Nxe4 17. Nxe4 f5 18. f3 fxe4 19. fxe4 Bd7 20.
c4 Qh4 21. Qc2 Bxh3 22. Kh1 Bd7 23.
Rf3 g5 24. Raf1 g4 25. Bf2 Qh5 26. Rg3 Rf4 27. Kg1 Qg6 28. Re3 Raf8 29. g3 R4f6 30. b4 h5 31. Re2 h4 32. Qd3 Rf3 33.
Re3 Rxe3 34. Qxe3 Bh6 35. Qe1 h3 36. Be3 Qxe4 0-1

[Event "Swedish Chess Championship 2019: Weekend 1"]
[Site "Stiga Sports Arena, Arenatorget 1, Eskilstuna, Sweden"]
[Date "2019.07.06"]
[Round "3.8"]
[White "Johansson, Roy"]
[Black "Eriksson, Hans"]
[Result "1-0"]
[TimeControl "90 minutes + 30 seconds per move from move one"]
[WhiteFideId "1745972"]
[BlackFideId "1737040"]
[WhiteElo "1932"]
[BlackElo "1936"]

1. d4 Nf6 2. Bf4 g6 3. e3 Bg7 4. h3 d6 5. Nf3 O-O 6. Be2 Nfd7 7. O-O Nc6 8. c4 e5 9. Bh2 exd4 10.
exd4 Qf6 11. Nc3 Re8 12. Nd5 Qd8 13. Qd2 Nf6 14. Nc3 Ne4 15. Nxe4 Rxe4 16. d5 Nd4 17. Nxd4 Rxd4 18. Qe3 Bd7 19.
Bf4 Qf6 20. Bg5 Qf5 21. Bg4 Rxg4 22. hxg4 Qxg4 23. Qf4 Qxf4 24. Bxf4 Bxb2 25. Rab1 Bd4 26. Rxb7 Bb6 27. c5 Bc8 28. cxb6 Bxb7 29. bxc7 Bxd5 30. Rd1 Be6 31. Rxd6 Kg7 32.
Be5+ Kh6 33. Bf6 Rc8 34. Bd8 Bxa2 35. Ra6 Be6 36. Rxa7 Kg7 37. Kh2 Kf8 38. Kg3 Ke8 39. Kf4 Bd5 40.
g4 Kd7 41. Ra5 Be6 42. g5 Kd6 43. Ke4 Rxc7 44. Bxc7+ Kxc7 45. Ke5 Kd7 46. Kf6 Kd6 47. Kg7 Bd5 48. Kxh7 Ke5 49. Kg7 Ke4 50.
Rxd5 Kxd5 51. Kxf7 1-0

[Event "Swedish Chess Championship 2019: Weekend 1"]
[Site "Stiga Sports Arena, Arenatorget 1, Eskilstuna, Sweden"]
[Date "2019.07.06"]
[Round "3.9"]
[White "Johansson, Mathias"]
[Black "Svedberg, Hans"]
[Result "1/2-1/2"]
[TimeControl "90 minutes + 30 seconds per move from move one"]
[WhiteFideId "1723324"]
[BlackFideId "1705113"]
[WhiteElo "1912"]
[BlackElo "1993"]

1. d4 Nf6 2. c4 g6 3. Nc3 d5 4. Bf4 Bg7 5. e3 c5 6. dxc5 Qa5 7. Rc1 dxc4 8. Bxc4 Nc6 9. Nf3 Qxc5 10.
Bb3 O-O 11. O-O Qa5 12. h3 Bf5 13. Qe2 Ne4 14. Nd5 e5 15. Rxc6 exf4 16. Rcc1 Nc5 17. Bc4 Na4 18. b4 Qd8 19.
Nxf4 Nc3 20. Qb2 b5 21. Nd4 Bxd4 22. exd4 Na4 23. Qb3 bxc4 24. Qxa4 Qxd4 25. Ne2 Qe5 26. Rfe1 Bd3 27. Nc3 Qd4 28.
Qc6 Rac8 29. Qd5 Qb6 30. b5 Rfd8 31. Qg5 Qd4 32. Re5 h6 33. Qf6 Rd6 34. Qe7 Rd7 35. Qf6 Rd6 36. Qe7 Rd7 1/2-1/2

[Event "Swedish Chess Championship 2019: Weekend 1"]
[Site "Stiga Sports Arena, Arenatorget 1, Eskilstuna, Sweden"]
[Date "2019.07.06"]
[Round "3.10"]
[White "Nyberg, Stefan"]
[Black "Mitra, Akash"]
[Result "0-1"]
[TimeControl "90 minutes + 30 seconds per move from move one"]
[WhiteFideId "1737171"]
[BlackFideId "1726714"]
[WhiteElo "1921"]
[BlackElo "1957"]

1. d4 f5 2. Nf3 Nf6 3. g3 g6 4. Bg2 Bg7 5. c4 O-O 6. O-O d6 7. Nc3 Qe8 8. Bg5 e5 9. dxe5 dxe5 10.
Nd5 Nxd5 11. Qxd5+ Kh8 12. Rad1 Nc6 13. Be3 h6 14. b3 g5 15. Bc5 Be6 16. Qd2 Rf6 17. Qc2 Qh5 18. e3 g4 19.
Ne1 Bf8 20. Bxf8 Raxf8 21. Bxc6 bxc6 22. Ng2 Qf7 23. Qc3 Re8 24. Rd2 Bc8 25. Rfd1 Qe7 26. Nh4 Kh7 27. Qc2 Rf7 28. Ng2 h5 29.
Qd3 Kg8 30. Qc2 Ref8 31. Nh4 Rf6 32. Ng2 Rd6 33. c5 Rxd2 34. Rxd2 Be6 35. Nh4 Qf7 36. e4 f4 37. Ng2 fxg3 38.
hxg3 Qf6 39. Nh4 Rd8 40. Qd1 Rd4 41. Qe2 Qd8 42. Rxd4 Qxd4 43. Qe3 Qxe3 44. fxe3 Kg7 45. Kf2 Bf7 46. Ke2 Kf6 47. Kd3 Ke6 48. b4 Kd7 49. Ng2 Bxa2 50. Kc2 Bf7 51. Ne1 Bg6 52. Kd3 Kc8 53. Nc2 Kb7 54.
Na3 Bf7 55. Nb1 a5 56. bxa5 Ka6 0-1

[Event "Swedish Chess Championship 2019: Weekend 1"]
[Site "Stiga Sports Arena, Arenatorget 1, Eskilstuna, Sweden"]
[Date "2019.07.06"]
[Round "3.11"]
[White "Bjornvall, Tord"]
[Black "Johansson, Sven"]
[Result "1-0"]
[TimeControl "90 minutes + 30 seconds per move from move one"]
[WhiteFideId "1716557"]
[BlackFideId "1716301"]
[WhiteElo "1997"]
[BlackElo "1927"]

1. e4 d6 2. Nc3 Nf6 3. d4 Nbd7 4. f4 e5 5. Nf3 exd4 6. Nxd4 a6 7. Bc4 Be7 8. O-O O-O 9. a4 Nc5 10.
Qe1 c6 11. b4 Ncxe4 12. Nxe4 d5 13. Nxf6+ Bxf6 14. Be3 dxc4 15. Rd1 Qc7 16. f5 Re8 17. Qf2 b5 18. Bf4 Be5 19. Bxe5 Rxe5 20.
f6 Rh5 21. h3 Rg5 22. Nxc6 Bxh3 23. Ne7+ Kf8 24. fxg7+ Rxg7 25. Nd5 Qa7 26. Qxa7 Rxg2+ 27. Kh1 Rxa7 28. Nf4 Rg3 29. Kh2 Rc3 30.
Nxh3 Rxc2+ 31. Kg3 Rb2 32. Ng5 Rxb4 33. Nxh7+ Kg7 34. Nf6 c3 35. Rd8 Rb1 36. Rg8+ Kh6 37. Rxb1 c2 38. Rh1# 1-0

[Event "Swedish Chess Championship 2019: Weekend 1"]
[Site "Stiga Sports Arena, Arenatorget 1, Eskilstuna, Sweden"]
[Date "2019.07.06"]
[Round "3.12"]
[White "Forsberg, Andre"]
[Black "Berglund, Nils-Erik"]
[Result "1/2-1/2"]
[TimeControl "90 minutes + 30 seconds per move from move one"]
[WhiteFideId "1724193"]
[BlackFideId "1710494"]
[WhiteElo "1982"]
[BlackElo "1926"]

1. e4 e6 2. d4 d5 3. Nc3 Bb4 4. e5 c5 5. Qg4 Ne7 6. a3 Bxc3+ 7. bxc3 Qc7 8. Qxg7 Rg8 9. Qxh7 cxd4 10.
Ne2 Nbc6 11. f4 dxc3 12. Qd3 d4 13. Nxd4 Nxd4 14. Qxd4 Bd7 15. Rb1 Nf5 16. Qb4 O-O-O 17. Rb3 Bc6 18.
Rxc3 Rd4 19. Qc5 Qd8 20. Rd3 Qh4+ 21. g3 Re4+ 22. Kd1 Nxg3 23. Rxg3 Rxg3 24. hxg3 Qxh1 25. Qf8+ Kc7 26. Qd6+ Kb6 27.
Qd8+ Kc5 28. Qe7+ Kb6 29. Qd8+ 1/2-1/2

[Event "Swedish Chess Championship 2019: Weekend 1"]
[Site "Stiga Sports Arena, Arenatorget 1, Eskilstuna, Sweden"]
[Date "2019.07.07"]
[Round "4.1"]
[White "Westerberg, Jonathan"]
[Black "Nordebrink, Johan"]
[Result "1-0"]
[TimeControl "90 minutes + 30 seconds per move from move one"]
[WhiteTitle "IM"]
[WhiteFideId "1701754"]
[BlackFideId "1706721"]
[WhiteElo "2546"]
[BlackElo "2109"]

1. e4 c5 2. Nf3 a6 3. c3 d5 4. exd5 Qxd5 5. d4 Nf6 6. Be2 cxd4 7. cxd4 e6 8. O-O Be7 9. Nc3 Qd6 10.
Ne5 Nd5 11. Nxd5 exd5 12. Bf4 O-O 13. Bd3 Qf6 14. Qh5 h6 15. Be3 Nc6 16. f4 Nxe5 17. fxe5 Qh4 18. Qe2 Bg5 19. Rac1 Bg4 20.
Qd2 Bxe3+ 21. Qxe3 Rac8 22. Qf4 Qg5 23. Qxg5 hxg5 24. Kf2 Rxc1 25. Rxc1 Rc8 26. Rc5 Be6 27. b4 b6 28. Rxc8+ Bxc8 29.
Kg3 Kf8 30. h4 gxh4+ 31. Kxh4 Ke7 32. Kg5 Bb7 33. Bf5 Bc6 34. Bc8 a5 35. a3 axb4 36. axb4 Bb5 37. g3 Bc6 38. Ba6 Bd7 39.
Bb7 Ke6 40. g4 Bb5 41. Bc8+ Ke7 42. Bf5 Be8 43. Kf4 Bb5 44. g5 Be8 45. Bc8 Bb5 46. Bb7 Ke6 47. g6 Be8 48. Bc8+ Ke7 49.
Kg5 Bb5 50. Bf5 Bc6 51. Bg4 Be8 52. Bh5 Ke6 53. gxf7 Bxf7 54. Bxf7+ Kxf7 55. b5 1-0

[Event "Swedish Chess Championship 2019: Weekend 1"]
[Site "Stiga Sports Arena, Arenatorget 1, Eskilstuna, Sweden"]
[Date "2019.07.07"]
[Round "4.2"]
[White "Wallgren, Ulf"]
[Black "Mardell, Jonas"]
[Result "0-1"]
[TimeControl "90 minutes + 30 seconds per move from move one"]
[WhiteFideId "1706527"]
[BlackFideId "1705636"]
[WhiteElo "2013"]
[BlackElo "2024"]

1. e4 c5 2. Nf3 d6 3. c3 Nf6 4.
Be2 Nc6 5. d4 cxd4 6. cxd4 Nxe4 7. d5 Qa5+ 8. Nc3 Nxc3 9. bxc3 Ne5 10. Nxe5 Qxc3+ 11. Bd2 Qxe5 12. O-O f6 13. Re1 Qxd5 14.
Bf3 Qb5 15. Rb1 Qd7 16. Ba5 e5 17. Qb3 Be7 18. Red1 Bd8 19. Bxd8 Qxd8 20. Bxb7 Bxb7 21. Qxb7 O-O 22. Qd5+ Kh8 23.
Qxd6 Qxd6 24. Rxd6 Rfd8 25. Ra6 Rab8 26. Rc1 Rd7 27. g3 h6 28. Rc2 Kh7 29. Kg2 e4 30. Rc4 Re7 31. Rca4 Rbb7 32.
h4 h5 33. Ra3 Kg6 34. R3a5 e3 35. fxe3 Rxe3 36. Rg5+ Kf7 37. Rf5 Rc7 38. Rxh5 Rc2+ 39. Kh3 Rcc3 40. Rxa7+ Kg6 41. Rh8 Rxg3+ 42. Kh2 Rh3+ 43. Kg2 Rcg3+ 44. Kf2 Rg4 45. Rd8 Rhxh4 46. Rdd7 Kh6 47. a4 g6 48. a5 Rd4 49. Rf7 Kg5 50. Rab7 Ra4 51. Rb6 Rhf4+ 52. Kg3 Ra3+ 53. Kg2 Rxa5 54. Rb3 Raf5 55. Rg7 Rg4+ 56. Kh3 Rh4+ 57.
Kg3 Rff4 58. Rb5+ f5 59. Rb6 Rhg4+ 60. Kh3 Rf3+ 61. Kh2 Kh6 62. Rg8 Re3 63. Rf8 Kg5 64. Rg8 Rh4+ 65. Kg2 Rh6 66.
Ra6 f4 67. Rb6 Rg3+ 68. Kf2 Ra3 69. Rd6 Ra2+ 70. Kf3 Rh3+ 71. Ke4 Re3+ 0-1

[Event "Swedish Chess Championship 2019: Weekend 1"]
[Site "Stiga Sports Arena, Arenatorget 1, Eskilstuna, Sweden"]
[Date "2019.07.07"]
[Round "4.3"]
[White "Jakenberg, Jussi"]
[Black "Andric, Jelena"]
[Result "1-0"]
[TimeControl "90 minutes + 30 seconds per move from move one"]
[BlackTitle "WFM"]
[WhiteFideId "1710931"]
[BlackFideId "919853"]
[WhiteElo "2099"]
[BlackElo "2099"]

1. e4 e6 2. d4 c5 3. c3 b6 4. Nf3 Bb7 5. Bd3 g6 6. O-O Bg7 7. Bg5 f6 8. Be3 d6 9. Qb3 Qc8 10.
Bc4 Ke7 11. dxc5 bxc5 12. Bxe6 Nd7 13. Bh3 c4 14. Qc2 Qc6 15. Nbd2 Nc5 16. Nd4 Qe8 17. Nxc4 Bxe4 18. Qd2 Rd8 19.
b4 f5 20. Nxd6 Rxd6 21. bxc5 Ra6 22. f3 Ba8 23. Qe2 Bxd4 24. Bxd4+ Re6 25. Qc4 Nf6 26. Rfe1 Bd5 27. Rxe6+ Bxe6 28. Re1 Kf7 29. Qa6 Qd7 30. g3 Rc8 31. Bf1 Nd5 32. Bb5 Qe7 33. Bc4 Qd7 34. Bb5 Qe7 35. Qxc8 Bxc8 36. Rxe7+ Kxe7 37. Kf2 Be6 38. Ke2 Nc7 39. Bd3 Bxa2 40. Kd2 Bd5 41. f4 Ne6 42. Be3 Kd7 43. Bb5+ Bc6 44. Bc4 a5 45. Kc2 Be4+ 46. Kb3 Bc6 47. Ka3 Ke7 48. Bd3 Nc7 49. c4 Ne6 50. Bc2 Kd7 51. Bd1 h5 52. Bc2 Kc7 53. Bd2 Nxc5 54.
Bxa5+ Kd7 55. Kb4 Ne6 56. Bb6 h4 57. Bd1 hxg3 58. hxg3 g5 59. Be3 gxf4 60. Bxf4 Nxf4 61. gxf4 Be4 62. Kc5 Kc7 63. Ba4 Bd3 64. Kd4 Be4 65. c5 Bf3 66.
Ke5 Be4 67. Be8 Bc2 68. Bg6 Kc6 69. Bxf5 Bb3 70. Kd4 Bf7 71. Be4+ Kc7 72. Ke5 Bc4 73. Bd5 Bd3 74. f5 1-0

[Event "Swedish Chess Championship 2019: Weekend 1"]
[Site "Stiga Sports Arena, Arenatorget 1, Eskilstuna, Sweden"]
[Date "2019.07.07"]
[Round "4.4"]
[White "Tolen, Michael"]
[Black "Johansson, Roland"]
[Result "1/2-1/2"]
[TimeControl "90 minutes + 30 seconds per move from move one"]
[WhiteFideId "1714376"]
[BlackFideId "1716123"]
[WhiteElo "2026"]
[BlackElo "2002"]

1. e4 c5 2. d4 cxd4 3. c3 dxc3 4. Nxc3 Nc6 5. Nf3 Nf6 6. Bc4 e6 7. Qe2 d6 8. O-O a6 9. Rd1 Qc7 10.
Bf4 Be7 11. Rac1 O-O 12. h3 Rd8 13. a4 Qa5 14. g4 h6 15. Bd2 Qb6 16. Be3 Qa5 17. Bd2 Qb6 18. Be3 Qa5 1/2-1/2

[Event "Swedish Chess Championship 2019: Weekend 1"]
[Site "Stiga Sports Arena, Arenatorget 1, Eskilstuna, Sweden"]
[Date "2019.07.07"]
[Round "4.5"]
[White "Eriksson, Kristian"]
[Black "Svorono, Gabriel"]
[Result "1-0"]
[TimeControl "90 minutes + 30 seconds per move from move one"]
[WhiteFideId "1705172"]
[BlackFideId "1715623"]
[WhiteElo "2123"]
[BlackElo "2098"]

1. e4 e5 2. Nc3 Bc5 3. Nf3 d6 4. d4 exd4 5. Nxd4 Nf6 6. Bg5 h6 7. Bh4 O-O 8. Qd3 c6 9. O-O-O Re8 10.
f3 Nbd7 11. Bg3 Nh5 12. Be1 a5 13. Nb3 Bb4 14. a3 Nc5 15. Nxc5 Bxc5 16. Na4 Qe7 17. Nxc5 dxc5 18. Qd6 Qxd6 19.
Rxd6 Nf4 20. Bf2 f5 21. g3 Ne6 22. exf5 Nd4 23. Bc4+ Kh8 24. f6 gxf6 25. Rxf6 Kg7 26. Rf7+ Kg6 27.
Bxd4 cxd4 28. Rf4 Re3 29. Rxd4 Rxf3 30. Rd8 b5 31. Bd3+ Kg7 32. Re1 Rf8 33. Re7+ Kf6 34. Rxf8+ Kxe7 35. Rh8 1-0

[Event "Swedish Chess Championship 2019: Weekend 1"]
[Site "Stiga Sports Arena, Arenatorget 1, Eskilstuna, Sweden"]
[Date "2019.07.07"]
[Round "4.6"]
[White "Eriksson, Joel"]
[Black "Namini, Armin"]
[Result "0-1"]
[TimeControl "90 minutes + 30 seconds per move from move one"]
[WhiteFideId "1729233"]
[BlackFideId "1706322"]
[WhiteElo "1998"]
[BlackElo "2241"]

1. d4 Nf6 2. Bg5 c5 3. Nc3 Qa5 4.
Bxf6 gxf6 5. d5 b5 6. Qd2 d6 7. e3 a6 8. Nge2 Nd7 9. Nf4 f5 10. Nce2 Qxd2+ 11. Kxd2 Nf6 12. c4 e5 13.
Nh3 bxc4 14. Nc3 Rg8 15. Rg1 Rb8 16. Kc2 f4 17. Bxc4 f3 18. g4 Rb4 19. b3 Bxg4 20. Bf1 Bf5+ 21.
Kb2 Rh4 22. Rxg8 Nxg8 23. Ng5 e4 24. Bxa6 h6 25. Nxf3 exf3 26. e4 Bxe4 27. Re1 Bg7 28. Bd3 f5 29. a4 Ne7 30. Kc2 Bxc3 31.
Kxc3 Kd7 32. a5 Nxd5+ 33. Kc4 Bxd3+ 34. Kxd3 Rd4+ 0-1

[Event "Swedish Chess Championship 2019: Weekend 1"]
[Site "Stiga Sports Arena, Arenatorget 1, Eskilstuna, Sweden"]
[Date "2019.07.07"]
[Round "4.7"]
[White "Thollin, Robert"]
[Black "Johansson, Roy"]
[Result "1/2-1/2"]
[TimeControl "90 minutes + 30 seconds per move from move one"]
[WhiteFideId "1701630"]
[BlackFideId "1745972"]
[WhiteElo "1983"]
[BlackElo "1932"]

1. e4 e6 2. d4 d5 3. exd5 exd5 4. Nc3 Nc6 5. Be3 Be6 6. Nf3 h6 7. g3 Nf6 8. Bg2 Be7 9. h3 a6 10.
a3 Bd6 11. Ng1 1/2-1/2

[Event "Swedish Chess Championship 2019: Weekend 1"]
[Site "Stiga Sports Arena, Arenatorget 1, Eskilstuna, Sweden"]
[Date "2019.07.07"]
[Round "4.8"]
[White "Mitra, Akash"]
[Black "Wallenas, Joakim"]
[Result "1-0"]
[TimeControl "90 minutes + 30 seconds per move from move one"]
[WhiteFideId "1726714"]
[BlackFideId "1728458"]
[WhiteElo "1957"]
[BlackElo "1991"]

1. e4 e5 2. Nf3 Nc6 3. Bb5 Bc5 4. d3 d6 5. c3 Bd7 6. Ba4 Nf6 7. Nbd2 a6 8. Nf1 O-O 9. h3 b5 10.
Bc2 Re8 11. g4 Kh8 12. Ng3 d5 13. g5 dxe4 14. gxf6 exf3 15. fxg7+ Kxg7 16. Ne4 Be7 17. Qxf3 f6 18. Rg1+ Kh8 19.
Bb3 f5 20. Bh6 Bf6 21. Qg2 Qe7 22. Nxf6 1-0

[Event "Swedish Chess Championship 2019: Weekend 1"]
[Site "Stiga Sports Arena, Arenatorget 1, Eskilstuna, Sweden"]
[Date "2019.07.07"]
[Round "4.9"]
[White "Eriksson, Hans"]
[Black "Johansson, Mathias"]
[Result "0-1"]
[TimeControl "90 minutes + 30 seconds per move from move one"]
[WhiteFideId "1737040"]
[BlackFideId "1723324"]
[WhiteElo "1936"]
[BlackElo "1912"]

1. e4 e6 2. d4 d5 3. e5 c5 4. c3 Nc6 5. Nf3 Bd7 6. Be2 f6 7. O-O Qc7 8. Re1 O-O-O 9. dxc5 Bxc5 10.
b4 Be7 11. exf6 Bxf6 12. Bg5 Nge7 13. Bxf6 gxf6 14. Na3 Qf4 15. g3 Rhg8 16. Kh1 Qf5 17. Nb5 Be8 18. Nbd4 Nxd4 19. Nxd4 Qxf2 20.
Rf1 Qe3 21. Rxf6 Nf5 22. Nxf5 exf5 23. Qf1 d4 24. Qxf5+ Kb8 25. Bf3 dxc3 26. Qxh7 Bc6 27. Bxc6 bxc6 28. Raf1 Qd4 29. Rf7 Rh8 30.
Qc2 Qd2 31. R7f2 Qd5+ 32. Kg1 Qd4 33. Kh1 Rh6 34. Rf8 Rxf8 35. Rxf8+ Kb7 36. Rf4 Qe3 37. Rf7+ Kb6 38. Qf2 Qxf2 39.
Rxf2 Rd6 40. Rc2 Rd1+ 0-1

[Event "Swedish Chess Championship 2019: Weekend 1"]
[Site "Stiga Sports Arena, Arenatorget 1, Eskilstuna, Sweden"]
[Date "2019.07.07"]
[Round "4.10"]
[White "Svedberg, Hans"]
[Black "Johansson, Sven"]
[Result "1-0"]
[TimeControl "90 minutes + 30 seconds per move from move one"]
[WhiteFideId "1705113"]
[BlackFideId "1716301"]
[WhiteElo "1993"]
[BlackElo "1927"]

1. e4 d6 2. d4 Nf6 3. Nc3 Nbd7 4. f4 e5 5. Nf3 exd4 6. Nxd4 Be7 7. Be2 O-O 8. O-O Nc5 9. Bf3 c6 10.
a4 d5 11. e5 Nfe4 12. Bxe4 Nxe4 13. f5 Bc5 14. Nxe4 dxe4 15. c3 Re8 16. b4 Bb6 17. f6 Rxe5 18. Be3 a5 19. b5 c5 20.
Nc2 Qd3 21. Bf4 Rf5 22. Qc1 Rxf6 23. Rd1 Qxc3 24. Ra3 Qc4 25. Be5 Rg6 26. Qd2 Bg4 27. Ne3 Qb4 28. Nxg4 Qxd2 29. Rxd2 Rxg4 30.
Rd7 c4+ 31. Kf1 Bc5 32. Rc3 b6 33. Rxc4 Re8 34. Rxc5 bxc5 35. b6 Rg6 36. Bc7 e3 37. b7 e2+ 38. Ke1 Rf6 39. Re7 1-0

[Event "Swedish Chess Championship 2019: Weekend 1"]
[Site "Stiga Sports Arena, Arenatorget 1, Eskilstuna, Sweden"]
[Date "2019.07.07"]
[Round "4.11"]
[White "Forsberg, Andre"]
[Black "Bjornvall, Tord"]
[Result "0-1"]
[TimeControl "90 minutes + 30 seconds per move from move one"]
[WhiteFideId "1724193"]
[BlackFideId "1716557"]
[WhiteElo "1982"]
[BlackElo "1997"]

1. e4 d6 2. d4 Nf6 3. Nc3 Nbd7 4. Be3 e5 5. f3 Be7 6. Qd2 c6 7. O-O-O Qa5 8. g4 b5 9. Kb1 b4 10.
Nce2 Nb6 11. Nc1 Be6 12. Nh3 Bc4 13. b3 Bxf1 14. Rhxf1 c5 15. d5 O-O 16. Nf2 Nfd7 17. Nfd3 Qb5 18.
h4 a5 19. Nb2 Rfc8 20. c4 bxc3 21. Qxc3 c4 22. Rf2 a4 23. Rdd2 cxb3 24. Qd3 Qa5 25. a3 Rc3 26. Qf1 Rxe3 27.
Nd1 Rxf3 28. Rxf3 Qxd2 29. Rf2 Qd4 0-1